 Dungeon Crawl Stone Soup version 0.32-a0-913-g739538afd8 (webtiles) character file.

Game seed: 17051052961634515056

100 Gargoyl the Trooper (level 4, -2/43 HPs)
             Began as a Gargoyle Berserker on Apr 9, 2024.
             Was a Believer of Trog.
             Killed from afar by an orc wizard (7 damage)
             ... with a magic dart
             ... on level 3 of the Dungeon.
             The game lasted 00:04:29 (2293 turns).

Gargoyl the Trooper (Gargoyle Berserker)            Turns: 2293, Time: 00:04:30

Health: -2/43      AC: 22    Str: 20    XL:     4   Next: 73%
Magic:  4/4        EV:  2    Int:  8    God:    Trog [**....]
Gold:   126        SH:  0    Dex: 11    Spells: 3/3 levels left

rFire   . . .        f - +1 spear (venom)
rCold   . . .        (no shield)
rNeg    + + .        m - melded +1 scale mail {rC+}
rPois   ∞            (helmet currently unavailable)
rElec   .            (cloak currently unavailable)
rCorr   .            (gloves currently unavailable)
SInv    .            i - melded +0 pair of boots
Will    .....        (no amulet)
Stlth   +            c - ring of positive energy
HPRegen 0.27/turn    (no ring)
MPRegen 0.09/turn

%: no passive effects
@: confused, tree-form, invisible
A: stationary, stasis, torment immunity, boosted hp, sickness immunity, AC +3,
negative energy resistance 1, (electricity resistance), torment resistance 1,
petrification resistance
a: Renounce Religion, Berserk, Trog's Hand


You were on level 3 of the Dungeon.
You worshipped Trog.
Trog was pleased with you.
You were a tree.
You visited 1 branch of the dungeon, and saw 3 of its levels.

You collected 126 gold pieces.

Inventory:

Hand Weapons
 a - a +2 hand axe
 f - a +1 spear of venom (weapon)
Armour
 i - a +0 pair of boots (melded)
 m - a +1 scale mail of cold resistance (melded)
Jewellery
 c - a ring of positive energy (left branch)
 j - an amulet of faith
Scrolls
 k - a scroll of revelation
Potions
 d - a potion of curing {unknown}
 g - a potion of resistance {unknown}
 h - a potion of berserk rage {unknown}
 l - a potion of lignification


   Skills:
 + Level 4.1 Fighting
 + Level 3.2(3.4) Axes
 + Level 1.2(2.4) Polearms
 + Level 3.0 Armour
 + Level 2.0 Dodging
 + Level 0.3 Stealth


You had 3 spell levels left.
You didn't know any spells.
Your spell library was empty.

Dungeon Overview and Level Annotations

Branches:
Dungeon (3/15)

Altars:

Shops:
D:2 =


Innate Abilities, Weirdness & Mutations

You are a tree.
Your roots penetrate the ground, keeping you stationary.
You cannot be teleported.
You are immune to unholy pain and torment.
Your maximum health is greatly increased.
Your equipment is partially melded.
You are immune to sickness and miasma.
((Your stone body is resilient. (AC +3)))
You are immune to poison.
You resist negative energy. (rN+)
((You are resistant to electric shocks. (rElec)))
You are resistant to unholy torment.
You are immune to petrification.


Message History

The orc barely misses you. The adder bites you but does no damage.
You closely miss something. The adder bites you but does no damage.
Something hits you but does no damage.
The orc hits you from afar with a +0 spear.
Unknown command.
You hit the adder.
The adder is poisoned.
The adder is moderately wounded.
The adder bites you but does no damage. Something hits you but does no damage.
The orc hits you from afar with a +0 spear.
You bump into the rock wall.
The adder bites you but does no damage. Something hits you but does no damage.
The orc hits you from afar with a +0 spear.
* * * LOW HITPOINT WARNING * * *
Unknown command.
Something hits you but does no damage. The adder bites you.
* * * LOW HITPOINT WARNING * * *
Okay, then.
It was a potion of lignification.
You turn into a tree.
Your +0 pair of boots melds into your body.
Your +1 scale mail of cold resistance melds into your body.
You feel less resistant to cold.
Your roots penetrate the ground.
The adder completely misses you. Something hits you but does no damage.
The orc barely misses you.
You cannot move. (Use ctrl+direction or * direction to attack while stationary and confused.)
You cannot move. (Use ctrl+direction or * direction to attack while stationary and confused.)
You cannot move. (Use ctrl+direction or * direction to attack while stationary and confused.)
You hit something. The adder barely misses you.
You hear some strange, mumbled words.
A magic dart appears from out of thin air!
The magic dart hits you.
* * * LOW HITPOINT WARNING * * *
The orc hits you but does no damage.
Unknown command.
It was a potion of invisibility.
You fade into invisibility!
The adder bites you but does no damage.
You hear some strange, mumbled words.
A magic dart appears from out of thin air!
The magic dart hits you!
You die...

#..##.##.. . ##.....[.# ..
#.......†. ... #.##......
.... #......... .....
####..#...... .....o###
##.....#......
^....ooS####..#..##......
.....o#{♣....#..###......
..... ###................
.... #.###..###....... ...
#..##.#....###### ..
##.##.#.#### # . ##.....#.#
##....).#.#
###############..####.#.#####
#.....##.....##.## #.......##


You could see an adder (unable to see you, very poisoned) and 3 orcs.

Vanquished Creatures
  3 adders
  3 dart slugs
  2 ribbon worms
  3 orcs (D:3)
  An endoplasm (D:3)
  2 giant cockroaches (D:1)
  5 goblins
  6 hobgoblins
  3 jackals (D:1)
  5 kobolds
  5 quokkas
  A ball python (D:1)
  5 bats
  2 frilled lizards
  9 rats
55 creatures vanquished.

Vanquished Creatures (collateral kills)
  A dart slug (D:2)
1 creature vanquished.

Grand Total: 56 creatures vanquished

Notes
Turn   | Place    | Note
-------+----------+-------------------------------------------
     0 | D:1      | Gargoyl the Gargoyle Berserker began the quest for the Orb.
     0 | D:1      | Reached XP level 1. HP: 14/14 MP: 1/1
   148 | D:1      | Reached XP level 2. HP: 20/20 MP: 2/2
  1081 | D:2      | Reached skill level 4 in Fighting
  1081 | D:2      | Reached XP level 3. HP: 24/24 MP: 3/3
  1146 | D:2      | Found Team Qimone's Jewellery Boutique.
  1340 | D:2      | Reached ** piety under Trog
  1392 | D:2      | Found a faded altar of an unknown god.
  1636 | D:2      | Reached XP level 4. HP: 29/29 MP: 4/4
  2143 | D:3      | Reached skill level 1 in Polearms
  2293 | D:3      | Killed from afar by an orc wizard

Illustrated notes

Levels and vault maps discovered:
D:1:      elethiomel_arrival_infinity_welcomes_careful_drivers, layout_basic
D:2:      minmay_angry_zag, layout_loops_corners, serial_shops,
          nicolae_square_shop, hellmonk_ecumenical_altar_run_dry,
          minmay_hexomino_p4
D:3:      layout_rooms

Skill      XL: |  1  2  3  4 |
---------------+-------------+-----
Axes           | 3 |  3.2
Fighting       | 4 |  4.1
Dodging        | 2 |  2.0
Armour         | 3 |  3.0
Polearms       | 1 |  1.2
Stealth        | |  0.3

Action                     |  1- 3 |  4- 6 || total
---------------------------+-------+-------++-------
  Melee: Hand axe          |    36 |       ||    36
         Spear             |    65 |    61 ||   126
    Use: Scroll            |     6 |     2 ||     8
         Potion            |       |     2 ||     2
   Stab: Sleeping          |     2 |       ||     2
 Armour: Animal skin       |    13 |       ||    13
         Ring mail         |    52 |    21 ||    73
         Scale mail        |       |    52 ||    52
         Skin              |       |     5 ||     5
  Dodge: Dodged            |    66 |    23 ||    89

Table legend: (Time is in decaauts)
 A = Elapsed time spent in this place.
 B = Non-inter-level travel time spent in this place.
 C = Inter-level travel time spent in this place.
 D = Time resting spent in this place.
 E = Time spent auto-exploring this place.
 F = Levels seen in this place.
 G = Mean time per level.
                   A        B        C        D        E       F      G
               +--------+--------+--------+--------+--------+-----+--------+
         Total |   2298 |   2251 |     47 |      0 |   1718 |   3 |  766.0 |
       Dungeon |   2298 |   2251 |     47 |      0 |   1718 |   3 |  766.0 |
               +--------+--------+--------+--------+--------+-----+--------+

Top non-repeatable levels by time:
     D:1: 1038 daAuts
     D:2: 922 daAuts
     D:3: 337 daAuts
